 Dungeon Crawl Stone Soup version 0.19-a0-593-gf2cdb02 (webtiles) character file.

749 mmcf the Ruffian (level 7, -6/70 HPs)
             Began as a Troll Monk on June 10, 2016.
             Mangled by a mummy (15 damage)
             ... in an ossuary.
             The game lasted 00:07:08 (2105 turns).

mmcf the Ruffian (Troll Monk)                       Turns: 2105, Time: 00:07:09

Health: -6/70      AC:  5    Str: 20    XL:     7   Next: 48%
Magic:  6/6        EV: 12    Int:  6    God:
Gold:   88         SH:  0    Dex: 14    Spells: 0 memorised, 6 levels left

rFire  x . .     SeeInvis .       - Unarmed
rCold  + . .     Gourm    +     a - +0 robe
rNeg   . . .     Faith    .     (no shield)
rPois  .         Spirit   .     (helmet restricted)
rElec  .         Dismiss  .     (no cloak)
rCorr  .         Reflect  .     (gloves unavailable)
SustAt .         Harm     .     (boots unavailable)
MR     +....                    (no amulet)
Stlth  ++........               e - ring of protection from magic
                                j - ring of ice

@: lethally poisoned (-6 -> -10), somewhat resistant to hostile enchantments,
unstealthy
A: unfitting armour, claws 3, fast metabolism 3, gourmand, regeneration 2,
shaggy fur 1, tough skin 2
a: no special abilities


You were in an ossuary.
You were very full.

You visited 1 branch of the dungeon, and saw 4 of its levels.
You also visited: Ossuary.

You collected 88 gold pieces.

Inventory:

Armour
 a - a +0 robe (worn)
Jewellery
 e - a ring of protection from magic (right claw)
 j - a ring of ice (left claw)
Scrolls
 d - a scroll of teleportation
 k - a scroll of remove curse
Potions
 i - a potion of haste
 n - a potion of invisibility
Comestibles
 b - 2 bread rations
 c - 3 beef jerkies
 l - a meat ration
 m - a slice of pizza


   Skills:
 + Level 4.2 Fighting
 + Level 4.1 Dodging
 - Level 1.1 Stealth
 * Level 7.2 Unarmed Combat


You had 6 spell levels left.
You didn't know any spells.

Dungeon Overview and Level Annotations

Branches:
Dungeon (4/15)
 Temple: D:4-7

Altars:
Ashenzari
Ru
Xom


Innate Abilities, Weirdness & Mutations

You are too large for most types of armour.
You have claws for hands.
Your metabolism is lightning-fast.
You like to eat raw meat.
You heal very quickly.
You are covered in fur. (AC +1)
You have very tough skin. (AC +2)


Message History

The scorpion is almost dead.
You feel sick. The scorpion closely misses you.
You claw the scorpion!
You kill the scorpion!
You feel sick.
You scratch the mummy.
The mummy is lightly damaged.
You feel sick.
You barely miss the mummy.
The mummy is lightly damaged.
You feel sick. The mummy hits you!
* * * LOW HITPOINT WARNING * * *
Okay, then.
You claw the mummy!
The mummy is severely damaged.
You feel sick.
You scratch the mummy.
The mummy is almost destroyed.
You feel sick. The mummy hits you!
You die...

#..^'...8...#...'...'^
#..^#.......#...#...#^
######8...8###'#######
#?!M#.......#...#...#M
#?.!#...8...#...8...#?
#!?.#...#...#.......#.
##'###########8...8###
#..Z#..^^...#.......#
#..ZM@..^^^.'...8...+
#...#.......#...#...#
#####################


You could see a mummy, a big kobold zombie and a human zombie.

Vanquished Creatures
  The ghost of Waterpls the Firebug, a novice OpFE of Sif Muna (D:4)
  3 scorpions (Ossuary)
  3 centaur zombies (Ossuary)
  A hound (D:4)
  An orc wizard (D:2)
  A worker ant (D:4)
  A human zombie (Ossuary)
  An iguana (D:4)
  A big kobold zombie (Ossuary)
  3 adders
  2 scorpion zombies (Ossuary)
  An ooze (D:1)
  A worm (D:2)
  2 dart slugs (D:1)
  A giant gecko (D:2)
  8 bats
  A giant cockroach (D:2)
  3 goblins (D:1)
  9 hobgoblins
  8 jackals
  5 kobolds
  3 quokkas (D:2)
  3 giant newts (D:2)
  A gnoll zombie (Ossuary)
  A goblin zombie (Ossuary)
  A hobgoblin zombie (Ossuary)
  An orc zombie (Ossuary)
  9 rats
76 creatures vanquished.

Notes
Turn   | Place    | Note
--------------------------------------------------------------
     0 | D:1      | mmcf the Troll Monk began the quest for the Orb.
     0 | D:1      | Reached XP level 1. HP: 22/22 MP: 0/0
    57 | D:1      | Reached XP level 2. HP: 27/29 MP: 1/1
   483 | D:1      | Reached XP level 3. HP: 36/36 MP: 2/2
   680 | D:2      | Found a sacrificial altar of Ru.
   812 | D:2      | Reached XP level 4. HP: 44/44 MP: 3/3
  1278 | D:2      | Reached skill level 5 in Unarmed Combat
  1342 | D:2      | Found a shattered altar of Ashenzari.
  1435 | D:2      | Found a shimmering altar of Xom.
  1735 | D:4      | Reached XP level 5. HP: 53/53 MP: 4/4
  1758 | D:4      | Noticed Waterpls's ghost (novice OpFE)
  1763 | D:4      | Killed Waterpls's ghost
  1763 | D:4      | Reached skill level 6 in Unarmed Combat
  1763 | D:4      | Reached XP level 6. HP: 52/62 MP: 5/5
  1843 | D:4      | Found a sand-covered staircase.
  1854 | Ossuary  | Entered an ossuary
  1924 | Ossuary  | Reached XP level 7. HP: 31/68 MP: 6/6
  2071 | Ossuary  | Reached skill level 7 in Unarmed Combat
  2105 | Ossuary  | Mangled by a mummy

Vault maps used:
D:1:      saegor_arrival_under_anarchy
D:2:      ashenzari_conservatory_becter, nicolae_overflow_crystal_walls,
          nicolae_ru_great_annihilating_truth
D:3:      lemuel_coloured_pillars_altar
D:4:      yredelemnul_altar_generic, old_standard_altar,
          nicolae_ossuary_entry_monument, gup_sewer_entry_bowl
Ossuary:  ossuary_minmay_scorpions

Skill      XL: |  1  2  3  4  5  6  7 |
---------------+----------------------+-----
Dodging        | 3 4 |  4.1
Unarmed Combat | 5 6 7 |  7.2
Fighting       | 3 4 |  4.2
Stealth        | |  1.1

Action                   |  1- 3 |  4- 6 |  7- 9 || total
-------------------------+-------+-------+-------++-------
Melee: Unarmed           |    59 |    97 |    43 ||   199
       Punch             |       |     1 |     2 ||     3
  Use: Scroll            |       |     5 |     1 ||     6
 Stab: Sleeping          |     5 |     1 |     1 ||     7
       Invisible         |     1 |       |       ||     1
       Paralysed         |     1 |       |       ||     1
       Distracted        |       |     2 |       ||     2
  Eat: Chunk             |    13 |    10 |     1 ||    24
Armor: Robe              |    22 |    31 |     6 ||    59
Dodge: Dodged            |    26 |    55 |    17 ||    98
